 Dungeon Crawl Stone Soup version 0.27-a0-343-gfcad680f63 (webtiles) character file.

Game seed: 15126255431488676567

162 wakim the Changer (level 5, -1/33 HPs)
             Began as an Octopode Transmuter on Feb 14, 2021.
             Was an Initiate of Ru.
             Slain by a sky beast (5 damage)
             ... on level 6 of the Dungeon.
             The game lasted 00:10:55 (3937 turns).

wakim the Changer (Octopode Transmuter)             Turns: 3937, Time: 00:10:56

Health: -1/33      AC:  1    Str: 10    XL:     5   Next: 43%
Magic:  9/10       EV: 13    Int: 16    God:    Ru [......]
Gold:   170        SH:  0    Dex: 12    Spells: 6/10 levels left

rFire    . . .     SeeInvis .     - Unarmed
rCold    . . .     Faith    .   (no shield)
rNeg     . . .     Spirit   .   (helmet restricted)
rPois    .         Reflect  .   (no amulet)
rElec    .         Harm     .   (no ring)
rCorr    .         Rampage  .   (no ring)
Will     .....                  (no ring)
Stlth    +++.......             (no ring)
HPRegen  0.11/turn              (no ring)
MPRegen  0.12/turn              (no ring)
                                (no ring)
                                (no ring)

@: no status effects
A: almost no armour, stealthy swim, amphibious, 8 rings, constrict 8, camouflage
1, gelatinous body 1
a: Renounce Religion


You were on level 6 of the Dungeon.
You worshipped Ru.
Ru was noncommittal.
You visited 2 branches of the dungeon, and saw 5 of its levels.

You collected 170 gold pieces.

Inventory:

Missiles
 o - 8 boomerangs (quivered)
 p - 4 boomerangs of dispersal
 s - 7 atropa-tipped darts
Scrolls
 b - 2 scrolls of teleportation {unknown}
 f - 5 scrolls of identify {unknown}
 h - a scroll of immolation {unknown}
 i - a scroll of noise {unknown}
 j - a scroll of enchant weapon {unknown}
 l - a scroll of blinking {unknown}
 n - a scroll of random uselessness {unknown}
 r - a scroll of fog {unknown}
Potions
 a - 2 potions of attraction {unknown}
 c - a potion of curing {unknown}
 g - 2 potions of haste {unknown}
 m - 2 potions of might {unknown}
 q - a potion of flight {unknown}


   Skills:
 - Level 1.4 Fighting
 - Level 2.2 Dodging
 - Level 1.3 Stealth
 - Level 3.2 Unarmed Combat
 * Level 3.4 Spellcasting
 * Level 3.7 Transmutations


You had 6 spell levels left.
You knew the following spells:

 Your Spells              Type           Power        Failure   Level
a - Beastly Appendage     Tmut           28%          3%          1
b - Spider Form           Tmut/Pois      4%           26%         3

Your spell library contained the following spells:

 Spells                   Type           Power        Failure   Level
 Wereblood                Tmut           14%          6%          2
 Ice Form                 Ice/Tmut       8%           63%         4
 Blade Hands              Tmut           7%           71%         5


Dungeon Overview and Level Annotations

Branches:
Dungeon (6/15)             Temple (1/1) D:6

Altars:
Ashenzari
Cheibriados
Dithmenos
Elyvilon
Fedhas
Gozag
Hepliaklqana
Kikubaaqudgha
Makhleb
Nemelex Xobeh
Okawaru
Qazlal
Ru
Sif Muna
Trog
Uskayaw
Vehumet
Wu Jian
Xom
Yredelemnul
The Shining One

Annotations:
D:2 exclusion: centaur


Innate Abilities, Weirdness & Mutations

You cannot wear most types of armour.
You are very stealthy in the water. (Stealth+)
You are amphibious.
You can wear up to eight rings at the same time.
You can use your tentacles to constrict eight enemies at once.
Your skin changes colour to match your surroundings (Stealth+).
Your rubbery body absorbs attacks. (AC +1, EV +1)


Message History

The sky beast shocks you.
There is a staircase to the Ecumenical Temple here.
You hit the sky beast but do no damage. The sky beast misses you.
You hit the sky beast.
The sky beast is lightly wounded.
The sky beast flickers out of sight!
Deactivating autopickup; reactivate with Ctrl-A.
Something completely misses you.
You closely miss something. Something hits you. Something shocks you.
* * * LOW HITPOINT WARNING * * *
You barely miss something.
A sky beast appears from thin air!
Reactivating autopickup.
The sky beast hits you but does no damage.
You hit the sky beast.
The sky beast is lightly wounded.
The sky beast misses you.
You hit the sky beast.
The sky beast is lightly wounded.
The sky beast hits you.
* * * LOW HITPOINT WARNING * * *
The sky beast shocks you.
* * * LOW HITPOINT WARNING * * *
You closely miss the sky beast.
The sky beast is lightly wounded.
The sky beast completely misses you.
You hit the sky beast.
The sky beast is poisoned.
The sky beast is moderately wounded.
Your transformation has ended.
You barely miss the sky beast.
The sky beast is moderately wounded.
The sky beast hits you but does no damage.
The sky beast flickers out of sight!
Deactivating autopickup; reactivate with Ctrl-A.
Something barely misses you.
A sky beast appears from thin air!
Reactivating autopickup.
The sky beast hits you.
* * * LOW HITPOINT WARNING * * *
The sky beast shocks you.
You die...

#....#............#
... #...
#########..###....
..Y#+
#...............#
...
#.......♣.♣.....# ..
#........>......#
#.......♣.♣.....#
#...............#
#...Y...........#
#...@...........#
........#######+#...
.........# ...
.........+
.........#
#####....# #....#
#....#


You could see a sky beast (poisoned).

Vanquished Creatures
  6 adders
  4 gnolls (D:3)
  An ooze (D:1)
  4 dart slugs
  2 leopard geckos
  4 orcs (D:3)
  2 ball pythons
  8 bats
  2 giant cockroaches (D:1)
  2 goblins (D:2)
  7 hobgoblins
  A quokka (D:2)
  5 frilled lizards
  4 kobolds
  7 rats
59 creatures vanquished.

Notes
Turn   | Place    | Note
-------+----------+-------------------------------------------
     0 | D:1      | wakim the Octopode Transmuter began the quest for the Orb.
     0 | D:1      | Reached XP level 1. HP: 13/13 MP: 3/3
   306 | D:1      | Reached XP level 2. HP: 15/18 MP: 3/5
  1017 | D:1      | Reached skill level 1 in Stealth
  1112 | D:2      | Reached XP level 3. HP: 22/23 MP: 4/6
  1125 | D:2      | Learned a level 3 spell: Spider Form
  1871 | D:2      | Noticed a centaur
  1949 | D:2      | Reached XP level 4. HP: 27/28 MP: 5/7
  2848 | D:3      | HP: 1/28 [gnoll/+0 spear (6)]
  3210 | D:3      | Reached XP level 5. HP: 29/33 MP: 3/9
  3726 | D:3      | You fall into a shaft and drop 3 floors!
  3728 | D:6      | Noticed a sky beast
  3735 | D:6      | Found a staircase to the Ecumenical Temple.
  3738 | D:6      | Noticed a sky beast
  3743 | Temple   | Entered the Ecumenical Temple
  3813 | Temple   | Became a worshipper of Ru the Awakened
  3937 | D:6      | Slain by a sky beast

Illustrated notes

Levels and vault maps discovered:
D:1:      onia_arrival_pyramid, layout_loops_corners
D:2:      layout_basic, minmay_fractal_squares_5
D:3:      layout_basic, uniq_crazy_yiuf_cottage
D:6:      layout_gridville, minmay_temple_entry_trees
Temple:   kilobyte_greek_temple

Skill      XL: |  1  2  3  4 |
---------------+-------------+-----
Stealth        | 1 |  1.3
Transmutations | 3 |  3.7
Spellcasting   | 3 |  3.4
Fighting       | |  1.4
Dodging        | |  2.2
Unarmed Combat | |  3.2

Action                   |  1- 3 |  4- 6 || total
-------------------------+-------+-------++-------
Melee: Unarmed           |    63 |    60 ||   123
       Tentacles         |     9 |     7 ||    16
       Constrict         |    13 |    12 ||    25
       Kick              |     8 |     8 ||    16
       Punch             |     1 |       ||     1
Throw: Dart              |    54 |    22 ||    76
       Boomerang         |       |    11 ||    11
 Cast: Beastly Appendage |    18 |     9 ||    27
       Spider Form       |     3 |     3 ||     6
 Stab: Sleeping          |       |     1 ||     1
Armor: Skin              |    19 |     3 ||    22
Dodge: Dodged            |    76 |    34 ||   110

Table legend: (Time is in decaauts)
 A = Elapsed time spent in this place.
 B = Non-inter-level travel time spent in this place.
 C = Inter-level travel time spent in this place.
 D = Time resting spent in this place.
 E = Time spent auto-exploring this place.
 F = Levels seen in this place.
 G = Mean time per level.
                   A        B        C        D        E       F      G
               +--------+--------+--------+--------+--------+-----+--------+
         Total |   3932 |   3834 |     98 |   1165 |   1999 |   5 |  786.4 |
       Dungeon |   3758 |   3660 |     98 |   1165 |   1866 |   4 |  939.5 |
        Temple |    173 |    173 |      0 |      0 |    133 |   1 |  173.0 |
               +--------+--------+--------+--------+--------+-----+--------+

Top non-repeatable levels by time:
     D:2: 1563 daAuts
     D:1: 1189 daAuts
     D:3: 969 daAuts
  Temple: 173 daAuts
     D:6: 36 daAuts
